 Dungeon Crawl Stone Soup version 0.22.1-1-ga44c0e56f4 (webtiles) character file.

522590 Kohma the Slayer (level 24, -2/247 HPs)
             Began as a Minotaur Fighter on Oct 9, 2018.
             Was the Champion of the Shining One.
             Splashed by a tengu reaver's acid (12 damage)
             ... summoned by a boggart
             ... on level 2 of the Depths on Oct 10, 2018.
             The game lasted 04:46:45 (67113 turns).

Kohma the Slayer (Minotaur Fighter)                Turns: 67113, Time: 04:46:47

Health: -2/247     AC: 31    Str: 34    XL:     24   Next: 16%
Magic:  31/31      EV: 16    Int:  5    God:    the Shining One [******]
Gold:   7132       SH: 32    Dex: 18    Spells: 23/23 levels left

rFire    + + +     SeeInvis .   o - +5 mace of Paemioqa {protect, Fragile rF++ Dex+3}
rCold    + + .     Gourm    .   S - +4 large shield {reflect}
rNeg     + + +     Faith    +   L - +5 crystal plate armour
rPois    +         Spirit   .   M - +2 hat {MR+}
rElec    .         Reflect  +   O - scarf {rC+ rF+}
rCorr    .         Harm     .   z - +2 pair of gloves
MR       +++..                  X - +2 pair of boots of Cowardice {Str+6}
Stlth    ..........             K - amulet of Attitude {Faith rPois}
HPRegen  0.51/turn              t - ring of protection from magic
MPRegen  0.22/turn              A - ring of protection from cold

@: corroded, protection aura, glowing
A: retaliatory headbutt, horns 2, deformed body
}: 3/15 runes: serpentine, barnacled, silver
a: Divine Shield, Cleansing Flame, Summon Divine Warrior, Brand Weapon With Holy
Wrath, Renounce Religion


You were on level 2 of the Depths.
You worshipped the Shining One.
The Shining One was exalted by your worship.
You were very hungry.

You visited 10 branches of the dungeon, and saw 45 of its levels.
You visited 1 bazaar.
You also visited: Bailey.

You collected 9319 gold pieces.
You spent 2187 gold pieces at shops.

Inventory:

Hand Weapons
 o - the +5 mace of Paemioqa (weapon) {protect, Fragile rF++ Dex+3}
   (You found it on level 5 of the Dungeon)

   It protects the one who uses it against injury (+AC on strike).
   It affects your dexterity (+3).
   It greatly protects you from fire.
   It will be destroyed if unequipped.
Missiles
 b - 4 throwing nets (quivered)
Armour
 z - a +2 pair of gloves (worn)
 I - a scarf of cloud immunity
 L - a +5 crystal plate armour (worn)
 M - a +2 hat of magic resistance (worn)
 O - a scarf of resistance (worn)
 S - a +4 large shield of reflection (worn)
 X - the +2 pair of boots of Cowardice (worn) {Str+6}
   (You found it on level 3 of the Elven Halls)

   It affects your strength (+6).
Jewellery
 c - an uncursed ring of stealth {unknown}
 g - a +2 amulet of reflection
 n - the ring "Guynuot" {rPois rF+ Slay+2}
   (You took it off a death knight on level 3 of the Crypt)

   [ring of slaying]

   It affects your accuracy and damage with ranged weapons and melee attacks
   (+2).
   It protects you from fire.
   It protects you from poison.
 t - a ring of protection from magic (left hand)
 A - a ring of protection from cold (right hand)
 D - an uncursed ring of fire
 H - the ring of Zytoer {+Inv rPois}
   (You took it off a deep elf high priest on level 3 of the Elven Halls)

   [ring of poison resistance]

   It protects you from poison.
   It lets you turn invisible.
 K - the amulet of Attitude (around neck) {Faith rPois}
   (You took it off a deep elf blademaster on level 3 of the Elven Halls)

   [amulet of faith]

   It allows you to gain divine favour quickly.
   It protects you from poison.
 P - an uncursed amulet of regeneration
 Q - an uncursed ring of protection from fire
 R - an uncursed ring of resist corrosion
 T - a cursed amulet of inaccuracy {unknown}
Wands
 u - a wand of acid (41)
 v - a wand of digging (43)
 x - a wand of iceblast (7)
 E - a wand of paralysis (87)
 N - a wand of polymorph (61)
 W - a wand of enslavement (40)
Scrolls
 h - 21 scrolls of teleportation
 j - a scroll of brand weapon
 l - 4 scrolls of fear
 p - 29 scrolls of remove curse
 y - 5 scrolls of magic mapping
 C - 4 scrolls of enchant weapon
 G - a scroll of identify
 J - a scroll of blinking
 U - 2 scrolls of summoning
 Z - a scroll of holy word
Potions
 a - 2 potions of resistance
 d - 7 potions of might
 e - 3 potions of ambrosia
 i - 3 potions of invisibility
 k - 4 potions of haste
 m - a potion of berserk rage
 q - 4 potions of cancellation
 r - 12 potions of flight
 s - 8 potions of heal wounds
 w - a potion of brilliance
 B - 13 potions of curing
 Y - 3 potions of agility
Comestibles
 f - 40 rations


   Skills:
 * Level 26.4 Fighting
   Level 10.2(12.8) Axes
 - Level 12.7(14.0) Maces & Flails
 + Level 22.2 Armour
 + Level 12.8 Dodging
 - Level 25.0 Shields
 - Level 13.0 Invocations


You had 23 spell levels left.
You didn't know any spells.
Your spell library contained the following spells:

 Spells                   Type           Power        Failure   Level  Hunger
 Animate Skeleton         Necr           N/A          98%         1    ##.....
 Beastly Appendage        Tmut           #.....       98%         1    ##.....
 Confusing Touch          Hex            #.....       98%         1    ##.....
 Corona                   Hex            #......      98%         1    ##.....
 Flame Tongue             Conj/Fire      #....        98%         1    ##.....
 Magic Dart               Conj           #...         98%         1    ##.....
 Pain                     Necr           #...         98%         1    ##.....
 Sandblast                Erth           #.....       98%         1    ##.....
 Summon Butterflies       Summ           #.......     98%         1    ##.....
 Summon Small Mammal      Summ           #...         98%         1    ##.....
 Blink                    Tloc           N/A          99%         2    ###....
 Call Imp                 Summ           #.......     99%         2    ###....
 Ensorcelled Hibernation  Hex/Ice        #.....       99%         2    ###....
 Passwall                 Tmut/Erth      #.......     99%         2    ###....
 Slow                     Hex            #.......     99%         2    ###....
 Sticks to Snakes         Tmut           #.......     99%         2    ###....
 Swiftness                Chrm/Air       #.......     99%         2    ###....
 Throw Flame              Conj/Fire      #.....       99%         2    ###....
 Call Canine Familiar     Summ           #.......     100%        3    ####...
 Confuse                  Hex            #.......     100%        3    ####...
 Conjure Flame            Conj/Fire      #.......     100%        3    ####...
 Dazzling Spray           Conj/Hex       #.....       100%        3    ####...
 Gell's Gravitas          Tloc           #.........   100%        3    ####...
 Ignite Poison            Fire/Tmut/Pois #.......     100%        3    ####...
 Inner Flame              Hex/Fire       #.......     100%        3    ####...
 Mephitic Cloud           Conj/Pois/Air  #.......     100%        3    ####...
 Regeneration             Chrm/Necr      #.........   100%        3    ####...
 Spider Form              Tmut/Pois      #.........   100%        3    ####...
 Stone Arrow              Conj/Erth      #.....       100%        3    ####...
 Summon Guardian Golem    Hex/Summ       #.......     100%        3    ####...
 Tukima's Dance           Hex            #.......     100%        3    ####...
 Vampiric Draining        Necr           #.........   100%        3    ####...
 Animate Dead             Necr           N/A          100%        4    #####..
 Ice Form                 Ice/Tmut       #.......     100%        4    #####..
 Passage of Golubria      Tloc           N/A          100%        4    #####..
 Petrify                  Tmut/Erth      #.......     100%        4    #####..
 Sticky Flame             Conj/Fire      #.......     100%        4    #####..
 Summon Ice Beast         Ice/Summ       #.......     100%        4    #####..
 Summon Lightning Spire   Summ/Air       #.......     100%        4    #####..
 Aura of Abjuration       Summ           #.........   100%        5    ######.
 Blade Hands              Tmut           #.........   100%        5    ######.
 Bolt of Magma            Conj/Fire/Erth #.........   100%        5    ######.
 Borgnjor's Vile Clutch   Necr/Erth      #.........   100%        5    ######.
 Fireball                 Conj/Fire      #.........   100%        5    ######.
 Iskenderun's Battlesphe  Conj/Chrm      #.......     100%        5    ######.
 Lee's Rapid Deconstruct  Erth           #.........   100%        5    ######.
 Metabolic Englaciation   Hex/Ice        #.........   100%        5    ######.
 Silence                  Hex/Air        #.........   100%        5    ######.
 Summon Mana Viper        Hex/Summ       #.......     100%        5    ######.
 Venom Bolt               Conj/Pois      #.........   100%        5    ######.
 Yara's Violent Unravell  Hex/Tmut       #.........   100%        5    ######.
 Bolt of Fire             Conj/Fire      #.........   100%        6    #######
 Conjure Ball Lightning   Conj/Air       #.........   100%        6    #######
 Darkness                 Hex            #.........   100%        6    #######
 Deflect Missiles         Chrm/Air       #.........   100%        6    #######
 Invisibility             Hex            #.......     100%        6    #######
 Iron Shot                Conj/Erth      #.........   100%        6    #######
 Statue Form              Tmut/Erth      #........    100%        6    #######
 Orb of Destruction       Conj           #.........   100%        7    #######
 Ring of Flames           Chrm/Fire      #.........   100%        7    #######
 Spellforged Servitor     Conj/Summ      #.........   100%        7    #######
 Summon Hydra             Summ           #.........   100%        7    #######
 Ignition                 Fire           #.........   100%        8    #######
 Tornado                  Air            #.........   100%        9    #######


Dungeon Overview and Level Annotations

Branches:
Dungeon (15/15)            Temple (1/1) D:4            Lair (6/6) D:11
 Shoals (4/4) Lair:4        Snake (4/4) Lair:2        Slime (0/5) Lair:5
    Orc (2/2) D:11            Elf (3/3) Orc:2        Vaults (5/5) D:13
  Crypt (3/3) Vaults:2       Tomb (0/3) Crypt:3      Depths (2/5) D:15

Altars:
Ashenzari
Cheibriados
Dithmenos
Elyvilon
Fedhas
Gozag
Hepliaklqana
Kikubaaqudgha
Makhleb
Nemelex Xobeh
Okawaru
Qazlal
Ru
Sif Muna
Trog
Uskayaw
Vehumet
Wu Jian
Xom
Yredelemnul
Zin
The Shining One
Beogh

Shops:
D:5 [   D:12 (   D:13 *   Orc:2 (}!(   Snake:2 =:   Snake:3 [   Vaults:1 [
Vaults:2 [   Vaults:3 %

Portals:
Hell: Depths:1
Trove: Depths:1 (lose all piety)

Annotations:
Elf:2 exclusion: downstairs


Innate Abilities, Weirdness & Mutations

You reflexively headbutt those who attack you in melee.
You have a pair of horns on your head.
Armour fits poorly on your strangely shaped body.


Message History

You kill the great orb of eyes!
The tengu reaver casts a spell at you. The bolt of poison misses you.
The battlesphere fires!
The barrage of energy hits you!
* * * LOW HITPOINT WARNING * * *
The cyan very ugly thing basks in the mutagenic energy from its kin and The tengu reaver hits you with a war axe of chopping!
* * * LOW HITPOINT WARNING * * *
x2 You block the tengu reaver's attack.
The tengu reaver claws you but does no damage.
Things that are here:
a whip; a robe You hit the battlesphere but do no damage.
You headbutt the battlesphere!
The battlesphere is moderately damaged.
The tengu reaver points at you and mumbles some strange words.
The bolt of acid hits you!
* * * LOW HITPOINT WARNING * * *
The acid corrodes you!
You are splashed with acid!
The acid burns!
You die...

##..#.........##
...............
...#..........
...##....>uu##
..J##.....Cuu###
.g.........cZuC###
.C...J...(guuCuQ.#
VC####.....ZZu##)#
...#####....u{##@##
.G...# #####.###*.#
.FV..# #....).#
C≈§C.# #......#
.yg..# ..'......#
.[C§.# ..#......#
...(.# . #......#
.....# ##...###
.....# #.....#


You could see a fire giant, a tengu reaver and a battlesphere.

Vanquished Creatures
  3 ancient liches
  A golden dragon (Vaults:5)
  2 liches
  The ghost of soupsoups the Hoplite, an adept MiBe of Trog (Vaults:3)
  4 tentacled monstrosities
  Rupert (Lair:3)
  4 titans (Vaults:5)
  3 deep elf blademasters
  3 ancient champions
  A kraken (Shoals:2)
  3 sphinxes
  2 storm dragons
  Gastronok (Lair:2)
  3 shadow dragons (Vaults:5)
  4 tengu reavers
  3 revenants
  6 nagarajas (Snake:4)
  7 fire giants
  7 frost giants
  An orc warlord (Vaults:5)
  3 deep elf sorcerers (Elf:3)
  15 vault wardens
  Louise (Lair:2)
  4 deep elf elementalists
  A ghoul (Crypt:3)
  2 curse skulls
  The ghost of Miamirgh the Geomancer, a journeyman GrEE of Vehumet (Lair:5)
  12 stone giants
  7 ironheart preservers
  3 war gargoyles (Vaults:5)
  4 very ugly things (Depths:1)
  3 vampire knights
  2 deep elf demonologists
  Azrael (Orc:2)
  A dire elephant (Lair:6)
  8 deep elf annihilators
  14 ettins
  2 deep elf death magi
  4 eidola
  12 jiangshi
  6 fire dragons
  8 yaktaur captains
  A crystal guardian (Vaults:3)
  Snorg (Orc:1)
  3 merfolk impalers (Shoals:4)
  5 rakshasas
  4 hydras
  7 great orbs of eyes
  4 ice dragons
  Harold (Lair:2)
  19 naga warriors
  24 vault guards
  8 merfolk aquamancers
  3 catoblepae
  11 anacondas
  3 merfolk avatars
  12 ogre magi
  An alligator snapping turtle (Shoals:4)
  34 two-headed ogres
  A two-headed ogre (shapeshifter) (Vaults:3)
  37 dancing weapons
  7 death knights
  7 centaur warriors
  7 death yaks
  2 deep troll shamans
  A queen ant (shapeshifter) (Vaults:5)
  20 naga sharpshooters
  A titan zombie (Crypt:2)
  4 vampire magi
  8 shock serpents
  6 deep troll earth magi
  A spriggan berserker (Depths:1)
  A soul eater (Crypt:2)
  23 deep elf knights
  A fire crab (shapeshifter) (Depths:1)
  A sea snake (shapeshifter) (Vaults:5)
  17 skeletal warriors
  2 shadow wraiths (Vaults:3)
  A titan skeleton (Crypt:2)
  14 deep trolls
  20 sea snakes
  9 deep elf archers
  5 naga ritualists
  4 unseen horrors
  An anaconda zombie (Crypt:1)
  7 salamander mystics
  A kraken simulacrum (Shoals:4)
  7 flayed ghosts
  3 harpies
  5 wizards
  12 phantasmal warriors
  2 glowing orange brains
  A golden dragon skeleton (Crypt:2)
  62 deep elf magi
  11 ironbrand convokers
  2 necromancers
  12 orc knights
  An orb spider (shapeshifter) (Vaults:5)
  2 wolf spiders (shapeshifter)
  A human zombie (Vaults:1)
  6 cyclopes
  3 orc sorcerers
  6 mana vipers
  14 manticores
  2 frost giant zombies (Crypt:2)
  5 wolf spiders
  18 salamanders
  37 ugly things
  4 fauns
  A salamander (shapeshifter) (Vaults:1)
  12 merfolk sirens
  A fire giant skeleton (Crypt:1)
  29 black mambas
  9 vault sentinels
  A stone giant skeleton (Crypt:2)
  6 guardian serpents
  2 guardian serpents (shapeshifter)
  26 naga magi
  9 spiny frogs
  7 water nymphs
  4 elephants (Lair:6)
  A spiny frog (shapeshifter) (Elf:1)
  31 yaktaurs
  3 gargoyles
  2 pale draconian zombies (Crypt:1)
  2 kobold demonologists
  4 rime drakes
  11 freezing wraiths
  7 komodo dragons
  A swamp worm zombie (Crypt:1)
  2 human skeletons
  A troll (shapeshifter) (Elf:3)
  3 guardian mummies (Crypt:1)
  5 trolls
  A meliai (shapeshifter) (Vaults:3)
  16 merfolk
  6 meliai
  13 blink frogs
  A wind drake (shapeshifter) (Vaults:5)
  2 raiju (shapeshifter)
  11 snapping turtles
  A hippogriff (shapeshifter) (Vaults:1)
  3 wind drakes
  A hornet (Vaults:3)
  A harpy skeleton (Crypt:2)
  12 hippogriffs
  An ettin zombie (Crypt:2)
  12 slime creatures
  2 dream sheep (Shoals:3)
  A frost giant simulacrum (Vaults:4)
  A stone giant simulacrum (Vaults:1)
  32 flying skulls
  A fire giant simulacrum (Vaults:4)
  4 air elementals
  A fire dragon skeleton (Crypt:2)
  A spriggan (D:7)
  22 water elementals
  2 wyverns
  6 shadows
  A human (Snake:4)
  A basilisk (Lair:6)
  A human (shapeshifter) (D:15)
  34 yaks
  5 fire elementals
  2 vampire mosquitoes (D:12)
  13 wraiths
  A basilisk (shapeshifter) (Vaults:5)
  A hungry ghost (D:9)
  Menkaure (D:7)
  8 wargs
  42 nagas
  A soldier ant (D:12)
  An acid dragon (Vaults:2)
  An acid dragon (shapeshifter) (Vaults:2)
  5 hell hounds (Orc:2)
  A hydra simulacrum (Lair:5)
  9 water moccasins
  6 porcupines
  5 sky beasts
  21 orc warriors
  2 phantoms (D:7)
  A hornet zombie (D:11)
  4 black bears
  3 ice beasts
  7 necrophages
  A swamp dragon zombie (Crypt:2)
  42 ogres
  A boggart (Depths:2)
  An eye of draining (D:8)
  24 wolves
  A centaur (shapeshifter) (Depths:1)
  13 centaurs
  14 crocodiles
  5 big kobolds
  14 bullfrogs
  A glowing shapeshifter simulacrum (Vaults:2)
  8 gnoll sergeants (Bailey)
  A komodo dragon skeleton (Crypt:1)
  An elf skeleton (Crypt:2)
  A spiny frog simulacrum (Lair:5)
  6 earth elementals
  2 small abominations
  A wyvern skeleton (D:14)
  3 scorpions
  A human simulacrum (Vaults:3)
  A dream sheep simulacrum (Lair:5)
  5 killer bees (D:7)
  11 wights
  7 howler monkeys
  3 lava snakes (D:8)
  A torpor snail simulacrum (Lair:5)
  2 bullfrog zombies (D:12)
  A rime drake simulacrum (Lair:5)
  5 crimson imps
  5 centaur zombies
  A komodo dragon simulacrum (Lair:5)
  12 orc priests
  12 hounds
  7 jellies
  A quasit (D:12)
  7 gnoll shamans
  6 centaur skeletons
  5 iguanas
  Crazy Yiuf (D:3)
  23 orc wizards
  10 worker ants
  An acid dragon zombie (Crypt:1)
  A deep dwarf skeleton (Crypt:2)
  7 mummies (Crypt:1)
  8 adders
  21 gnolls
  3 shadow imps
  An adder zombie (D:6)
  6 adder skeletons
  A worm (D:5)
  3 leopard geckos
  66 orcs
  2 ball pythons
  4 bats
  6 giant cockroaches
  7 goblins
  7 hobgoblins
  18 jackals
  22 kobolds
  6 quokkas
  7 frilled lizards
  A quokka zombie (D:7)
  5 rats
  A crawling corpse (Elf:3)
  4 fungi (D:3)
  2 plants
  5 tentacles
1733 creatures vanquished.

Vanquished Creatures (collateral kills)
  An ancient lich (Crypt:3)
  Vashnia (Snake:1)
  Xtahua (Vaults:4)
  A profane servitor (Crypt:3)
  A bone dragon (Crypt:3)
  A deep elf master archer (Elf:3)
  2 deep elf blademasters (Elf:3)
  A sphinx (Vaults:5)
  A storm dragon (Vaults:5)
  4 tengu reavers (Vaults:5)
  3 deep elf sorcerers (Elf:3)
  3 revenants
  A vault warden (Vaults:1)
  A frost giant (Vaults:1)
  A deep elf elementalist (Elf:3)
  A caustic shrike zombie (Crypt:1)
  2 deep elf demonologists (Elf:3)
  3 stone giants
  3 deep elf annihilators (Elf:3)
  3 deep elf death magi
  2 ettins (Vaults:5)
  An eidolon (Crypt:1)
  6 jiangshi
  A crystal guardian (Vaults:5)
  A yaktaur captain (Vaults:5)
  3 deep elf high priests
  3 vault guards
  An ice dragon (Vaults:1)
  2 naga warriors (Snake:4)
  2 death knights (Crypt:3)
  A spectral dire elephant (Crypt:3)
  A vampire mage (Crypt:1)
  A naga sharpshooter (Snake:2)
  3 shock serpents
  A deep elf knight (Vaults:1)
  14 skeletal warriors (Crypt:3)
  A salamander mystic (Snake:4)
  A shadow wraith (Vaults:5)
  3 flayed ghosts (Crypt:3)
  3 harpies (Shoals:1)
  A necromancer (Crypt:3)
  An orc knight (Vaults:5)
  6 phantasmal warriors
  A deep elf mage (Elf:3)
  A spectral ettin (Crypt:3)
  A faun (Shoals:1)
  A cyclops (Vaults:1)
  2 salamanders
  A water nymph (Shoals:1)
  A naga mage (Snake:4)
  2 vault sentinels (Vaults:5)
  A dire elephant zombie (Crypt:3)
  2 freezing wraiths
  A yaktaur (Vaults:1)
  2 merfolk (Shoals:1)
  A wind drake (shapeshifter) (Vaults:1)
  A stone giant simulacrum (Crypt:3)
  A slime creature (Vaults:1)
  A large abomination (Crypt:3)
  A water elemental (Shoals:1)
  21 flying skulls
  A wraith (Crypt:3)
  A satyr skeleton (Crypt:1)
  A shadow (Crypt:3)
  A basilisk (shapeshifter) (Vaults:1)
  A fire elemental (Elf:3)
  3 nagas
  A hydra simulacrum (Lair:5)
  2 small abominations (Crypt:3)
  A dream sheep simulacrum (Lair:5)
  An orc priest (Orc:1)
  An orc wizard (Orc:1)
  A crawling corpse (Elf:3)
151 creatures vanquished.

Vanquished Creatures (others)
  3 deep elf master archers (Elf:3)
  2 stone giants
  A deep elf annihilator (Vaults:5)
  2 merfolk javelineers
  4 yaktaur captains
  An ice dragon (Vaults:4)
  A naga warrior (Snake:4)
  A satyr (Shoals:2)
  A centaur warrior (Depths:1)
  6 naga sharpshooters
  A deep elf knight (Elf:1)
  3 deep elf archers
  3 deep elf magi
  2 fauns
  3 cyclopes
  17 yaktaurs
  A wraith (Crypt:3)
  A human (Snake:4)
  A basilisk (shapeshifter) (Depths:1)
  2 nagas
  An orc warrior (Vaults:5)
  5 centaurs
  A bush (Lair:6)
  18 fungi (Lair:6)
  48 plants
  10 tentacles
139 creatures vanquished.

Grand Total: 2023 creatures vanquished

Notes
Turn   | Place    | Note
-------+----------+-------------------------------------------
     0 | D:1      | Kohma the Minotaur Fighter began the quest for the Orb.
     0 | D:1      | Reached XP level 1. HP: 19/19 MP: 0/0
   134 | D:1      | Reached XP level 2. HP: 27/27 MP: 1/1
   832 | D:2      | Reached XP level 3. HP: 33/33 MP: 2/2
   844 | D:2      | Reached skill level 4 in Fighting
  1081 | D:2      | Found a shattered altar of Ashenzari.
  1267 | D:2      | Reached XP level 4. HP: 18/40 MP: 3/3
  1629 | D:2      | Found a blossoming altar of Fedhas.
  2009 | D:3      | Reached skill level 5 in Shields
  2104 | D:3      | Found a runed door.
  2110 | D:3      | Noticed Crazy Yiuf
  2122 | D:3      | Killed Crazy Yiuf
  2122 | D:3      | Reached XP level 5. HP: 21/47 MP: 4/4
  2861 | D:4      | Found a staircase to the Ecumenical Temple.
  2869 | Temple   | Entered the Ecumenical Temple
  2898 | Temple   | Became a worshipper of the Shining One
  3183 | D:4      | Noticed an ogre
  3189 | D:4      | Killed an ogre
  3189 | D:4      | Reached skill level 5 in Axes
  3189 | D:4      | Reached XP level 6. HP: 26/53 MP: 5/5
  3513 | D:4      | Reached skill level 5 in Fighting
  3814 | D:5      | Entered Level 5 of the Dungeon
  3814 | D:5      | Noticed a sky beast
  3843 | D:4      | Killed a sky beast
  3843 | D:4      | Reached skill level 5 in Armour
  3843 | D:4      | Reached XP level 7. HP: 40/61 MP: 6/6
  3971 | D:5      | Found Fonuts's Antique Armour Shop.
  3983 | D:5      | Bought a pair of runed boots for 180 gold pieces
  4159 | D:5      | Got a translucent mace
  4538 | D:6      | Reached XP level 8. HP: 62/70 MP: 7/7
  4598 | D:6      | Reached * piety under the Shining One
  4734 | D:6      | Reached skill level 6 in Fighting
  5475 | D:7      | Reached ** piety under the Shining One
  5570 | D:7      | Reached XP level 9. HP: 71/78 MP: 8/8
  6053 | D:7      | Reached skill level 7 in Fighting
  6266 | D:7      | Noticed Menkaure
  6272 | D:7      | Killed Menkaure
  6859 | D:8      | Noticed a two-headed ogre
  6870 | D:8      | Killed a two-headed ogre
  6870 | D:8      | Reached skill level 10 in Shields
  7065 | D:8      | Reached skill level 10 in Axes
  7602 | D:9      | Identified the +5 mace of Paemioqa {protect, Fragile rF++
                  | Dex+3} (You found it on level 5 of the Dungeon)
  7622 | D:9      | Reached skill level 1 in Maces & Flails
  7622 | D:9      | Reached XP level 10. HP: 88/88 MP: 9/9
  7659 | D:9      | Reached skill level 8 in Fighting
  7919 | D:9      | Noticed a two-headed ogre
  7931 | D:9      | Killed a two-headed ogre
  8087 | D:9      | Reached *** piety under the Shining One
  8301 | D:10     | Entered Level 10 of the Dungeon
  8538 | D:10     | Reached skill level 5 in Maces & Flails
  8583 | D:10     | Noticed a two-headed ogre
  8596 | D:10     | Killed a two-headed ogre
  8596 | D:10     | Reached skill level 9 in Fighting
  9016 | D:10     | Noticed a gargoyle
  9023 | D:10     | Killed a gargoyle
  9063 | D:10     | Reached XP level 11. HP: 92/97 MP: 10/10
  9368 | D:10     | Identified a scroll of acquirement
  9370 | D:10     | Found the +3 sling "Punk" {acid, rCorr}
  9445 | D:10     | Found a shattered altar of Ashenzari.
  9954 | D:11     | Found a staircase to the Orcish Mines.
  9980 | Orc:1    | Entered Level 1 of the Orcish Mines
 10327 | D:11     | Reached **** piety under the Shining One
 10432 | D:11     | Noticed an unseen horror
 10448 | D:11     | Killed an unseen horror
 10623 | D:11     | Noticed an unseen horror
 10644 | D:11     | Killed an unseen horror
 10985 | D:11     | Found a staircase to the Lair.
 11161 | D:12     | Reached skill level 10 in Fighting
 11185 | D:12     | Found Goseshafue's Antique Weapon Shoppe.
 11204 | D:12     | Noticed a two-headed ogre
 11216 | D:12     | Killed a two-headed ogre
 11216 | D:12     | Reached skill level 10 in Armour
 11216 | D:12     | Reached skill level 1 in Invocations
 11277 | D:12     | Noticed a cyan ugly thing
 11301 | D:12     | Killed a cyan ugly thing
 11357 | D:12     | Noticed an unseen horror
 11365 | D:12     | Killed an unseen horror
 11365 | D:12     | Reached XP level 12. HP: 94/106 MP: 12/12
 11787 | D:12     | Found a flagged portal.
 11860 | Bailey   | Entered a bailey
 12063 | Bailey   | Reached ***** piety under the Shining One
 12535 | D:12     | Reached skill level 10 in Maces & Flails
 13037 | Lair:1   | Entered Level 1 of the Lair of Beasts
 13599 | Lair:1   | Noticed a five-headed hydra
 13608 | Lair:1   | Killed a five-headed hydra
 14160 | Lair:2   | Noticed Gastronok
 14164 | Lair:2   | Reached skill level 11 in Fighting
 14389 | Lair:2   | Found a staircase to the Snake Pit.
 14622 | Lair:2   | Killed Gastronok
 15123 | Lair:2   | Noticed Harold
 15151 | Lair:2   | Killed Harold
 15151 | Lair:2   | Reached skill level 15 in Shields
 15151 | Lair:2   | Reached XP level 13. HP: 100/116 MP: 15/15
 15168 | Lair:2   | Got a brightly glowing plate armour
 15192 | Lair:2   | Identified the cursed +1 plate armour of Wu Jian's Approval
                  | {rPois rC+ rN+ Stlth+} (You found it on level 2 of the Lair
                  | of Beasts)
 15684 | Lair:3   | Reached skill level 5 in Invocations
 15775 | Lair:3   | Noticed Rupert
 15820 | Lair:3   | Killed Rupert
 16938 | Lair:4   | Reached skill level 12 in Fighting
 17005 | Lair:4   | Found a bloodstained altar of Trog.
 17339 | Lair:4   | Found a staircase to the Shoals.
 17342 | Lair:4   | You fall through a shaft for 2 floors!
 17342 | Lair:6   | Entered Level 6 of the Lair of Beasts
 17656 | Lair:6   | Reached skill level 13 in Fighting
 18424 | Lair:6   | Reached XP level 14. HP: 114/129 MP: 19/19
 18695 | Lair:6   | Got a glittering platinum ring
 18708 | Lair:6   | Identified the ring of Temptation {rPois rN+ Str+5} (You
                  | found it on level 6 of the Lair of Beasts)
 19051 | Lair:5   | Found a runed gate.
 19051 | Lair:5   | Found a runed gate.
 19051 | Lair:5   | Found a runed gate.
 19090 | Lair:5   | Reached skill level 14 in Fighting
 19106 | Lair:5   | Noticed Miamirgh's ghost (journeyman GrEE)
 19134 | Lair:5   | Killed Miamirgh's ghost
 19146 | Lair:5   | Got the ring of No Interval {Fire}
 19361 | Lair:5   | Found a staircase to the Slime Pits.
 20685 | Orc:2    | Entered Level 2 of the Orcish Mines
 20726 | Orc:1    | Noticed Snorg
 20742 | Orc:1    | Killed Snorg
 20742 | Orc:1    | Reached skill level 10 in Invocations
 21624 | Orc:2    | Reached skill level 15 in Fighting
 21624 | Orc:2    | Noticed Azrael
 21677 | Orc:2    | Killed Azrael
 21825 | Orc:2    | Found a roughly hewn altar of Beogh.
 22436 | Orc:2    | Reached XP level 15. HP: 127/143 MP: 21/21
 22447 | Orc:2    | Found Ideugic's Antique Weapon Boutique.
 22447 | Orc:2    | Found Yphes's Jewellery Emporium.
 22448 | Orc:2    | Found Niunnax's Gadget Shoppe.
 22448 | Orc:2    | Found Huegikan's Distillery.
 22497 | Orc:2    | Bought a translucent great mace for 414 gold pieces
 22499 | Orc:2    | Bought 2 potions of heal wounds for 100 gold pieces
 22499 | Orc:2    | Bought a potion of curing for 30 gold pieces
 22553 | Orc:2    | Found a staircase to the Elven Halls.
 22681 | Orc:2    | Found Meiq's Antique Weapon Boutique.
 22689 | Orc:2    | Bought a runed morningstar for 189 gold pieces
 22689 | Orc:2    | Bought a warped mace for 216 gold pieces
 22882 | Snake:1  | Entered Level 1 of the Snake Pit
 22889 | Snake:1  | Reached skill level 16 in Fighting
 22898 | Snake:1  | Noticed Louise
 22940 | Lair:2   | Killed Louise
 23146 | Snake:1  | Reached ****** piety under the Shining One
 23250 | Snake:1  | Identified the +5 great mace of Offence {pain, rElec} (You
                  | bought it in a shop on level 2 of the Orcish Mines)
 24311 | Snake:2  | Noticed Vashnia
 24855 | Snake:1  | Killed Vashnia
 25573 | Snake:2  | Found Arokh's Book Emporium.
 25573 | Snake:2  | Found Cooxuask's Jewellery Shoppe.
 25597 | Snake:2  | Found a radiant altar of Vehumet.
 26889 | Snake:3  | Reached XP level 16. HP: 118/154 MP: 23/23
 27111 | Snake:3  | Reached skill level 17 in Fighting
 27912 | Snake:3  | Found Rotwyp's Antique Armour Shoppe.
 28169 | Snake:3  | Identified the +8 mace of Nyczeit {pain, Dex+2} (You bought
                  | it in a shop on level 2 of the Orcish Mines)
 28631 | Snake:4  | Entered Level 4 of the Snake Pit
 28631 | Snake:4  | Found a gateway to a bazaar.
 28639 | Bazaar   | Entered a bazaar
 28639 | Bazaar   | Found Deadgh's Magic Scroll Boutique.
 28639 | Bazaar   | Found Wiotu's Gadget Shop.
 28639 | Bazaar   | Found Viedough's Armour Shoppe.
 28641 | Bazaar   | Found Xizef's Jewellery Emporium.
 28641 | Bazaar   | Found Ruonku's Antique Armour Shop.
 28690 | Bazaar   | Bought an uncursed ring of resist corrosion for 140 gold
                  | pieces
 28695 | Bazaar   | Bought a runed large shield for 157 gold pieces
 28698 | Bazaar   | Bought a wand of digging (14) for 360 gold pieces
 28701 | Bazaar   | Bought a scroll of remove curse for 39 gold pieces
 28701 | Bazaar   | Bought a scroll of holy word for 97 gold pieces
 28701 | Bazaar   | Bought a scroll of fear for 45 gold pieces
 28701 | Bazaar   | Bought a scroll of remove curse for 39 gold pieces
 28701 | Bazaar   | Bought a scroll of fear for 45 gold pieces
 28701 | Bazaar   | Bought a scroll of blinking for 97 gold pieces
 28701 | Bazaar   | Bought a scroll of remove curse for 39 gold pieces
 30034 | Snake:4  | HP: 6/155 [shock serpent/bolt of electricity (6)]
 30973 | Snake:4  | Reached XP level 17. HP: 163/163 MP: 25/25
 31630 | Snake:4  | Reached skill level 18 in Fighting
 31798 | Snake:4  | Got a serpentine rune of Zot
 32693 | Shoals:1 | Entered Level 1 of the Shoals
 33140 | D:13     | Found a gate to the Vaults.
 34015 | D:13     | Found Onnysuhuy's Serpentskin Sales.
 34755 | D:14     | Found a white marble altar of Elyvilon.
 35839 | D:15     | Entered Level 15 of the Dungeon
 36380 | D:15     | Found a staircase to the Depths.
 36960 | Elf:1    | Entered Level 1 of the Elven Halls
 37878 | Elf:1    | Reached skill level 15 in Armour
 38128 | Elf:1    | Reached XP level 18. HP: 173/173 MP: 26/26
 39168 | Elf:2    | Found a huge runed gate.
 39168 | Elf:2    | Found a huge runed gate.
 39169 | Elf:2    | Found a huge runed gate.
 39170 | Elf:2    | Found a huge runed gate.
 39176 | Elf:2    | Found a huge runed gate.
 39239 | Elf:2    | Reached skill level 19 in Fighting
 40818 | Elf:3    | Entered Level 3 of the Elven Halls
 42334 | Elf:3    | Reached XP level 19. HP: 181/183 MP: 27/27
 42642 | Elf:3    | Noticed a Brimstone Fiend
 42687 | Elf:3    | Gained mutation: Armour fits poorly on your strangely
                  | shaped body. [a cacodemon]
 43313 | Elf:3    | Got a shimmering emerald amulet
 43316 | Elf:3    | Got a crystal war axe {freeze}
 43329 | Elf:3    | Identified the +7 war axe "Wacehoum" {freeze, rElec} (You
                  | took it off a deep elf sorcerer on level 3 of the Elven
                  | Halls)
 43417 | Elf:3    | Got a pair of bloodstained boots
 43506 | Elf:3    | Got a pitted bronze ring
 43514 | Elf:3    | Identified the ring of Zytoer {+Inv rPois} (You took it off
                  | a deep elf high priest on level 3 of the Elven Halls)
 43516 | Elf:3    | Identified the amulet of Attitude {Faith rPois} (You took
                  | it off a deep elf blademaster on level 3 of the Elven
                  | Halls)
 43530 | Elf:3    | Identified the +2 pair of boots of Cowardice {Str+6} (You
                  | found it on level 3 of the Elven Halls)
 44827 | Shoals:1 | Reached skill level 1 in Dodging
 45459 | Shoals:1 | Reached skill level 20 in Fighting
 47354 | Shoals:4 | Entered Level 4 of the Shoals
 48826 | Shoals:4 | Reached skill level 5 in Dodging
 49217 | Shoals:4 | Got a barnacled rune of Zot
 49711 | Vaults:1 | Entered Level 1 of the Vaults
 50067 | Vaults:1 | Reached XP level 20. HP: 154/195 MP: 28/28
 51237 | Vaults:1 | Found Kewkam's Armour Shop.
 52117 | Vaults:1 | HP: 1/195 [frost giant/bolt of cold (17)]
 52583 | Vaults:1 | Reached skill level 21 in Fighting
 52950 | Vaults:2 | Found Jusea's Armour Shoppe.
 54204 | Vaults:2 | Found a staircase to the Crypt.
 54530 | Vaults:3 | Reached XP level 21. HP: 178/205 MP: 29/29
 54575 | Vaults:3 | Got a clouded bone ring
 55078 | Vaults:3 | Reached skill level 10 in Dodging
 55908 | Vaults:3 | Reached skill level 22 in Fighting
 56288 | Vaults:3 | Found Geatil's Food Boutique.
 56333 | Vaults:3 | Found a runed gate.
 56333 | Vaults:3 | Found a runed gate.
 56333 | Vaults:3 | Found a runed gate.
 56338 | Vaults:3 | Noticed soupsoups's ghost (adept MiBe)
 56396 | Vaults:3 | Killed soupsoups's ghost
 58047 | Vaults:5 | Entered Level 5 of the Vaults
 58047 | Vaults:5 | Noticed Xtahua
 58131 | Vaults:4 | Killed Xtahua
 58226 | Vaults:5 | Reached skill level 23 in Fighting
 58732 | Vaults:5 | Reached XP level 22. HP: 220/220 MP: 14/30
 58783 | Vaults:5 | Noticed a golden dragon
 58807 | Vaults:5 | Killed a golden dragon
 59069 | Vaults:5 | Noticed an ancient lich
 59507 | Vaults:5 | Killed an ancient lich
 59511 | Vaults:5 | Noticed an ancient lich
 59528 | Vaults:5 | Noticed an ancient lich
 59569 | Vaults:4 | Killed an ancient lich
 59587 | Vaults:4 | Reached skill level 24 in Fighting
 59869 | Vaults:5 | Got a silver rune of Zot
 60326 | Vaults:5 | Killed an ancient lich
 61406 | Vaults:5 | Found the +3 warlock's mirror {reflect}
 61410 | Vaults:5 | Got a flickering golden amulet
 61435 | Vaults:5 | Found the +0 Maxwell's etheric cage {RegenMP+ *Contam rElec
                  | MP+4}
 61709 | Vaults:5 | Reached XP level 23. HP: 232/232 MP: 31/31
 62147 | Vaults:5 | Identified the amulet of Cowardice {Gourm rF++ rN+} (You
                  | found it on level 5 of the Vaults)
 62304 | Crypt:1  | Entered Level 1 of the Crypt
 63011 | Crypt:1  | Reached skill level 25 in Fighting
 63046 | Crypt:1  | Identified Xapsy's Tome of Stones
 63049 | Crypt:1  | Identified the ring "Kobaaf" {rN+ Str+3} (You found it on
                  | level 3 of the Vaults)
 64540 | Crypt:3  | Entered Level 3 of the Crypt
 64643 | Crypt:3  | Found a basalt altar of Yredelemnul.
 64904 | Crypt:3  | Noticed an ancient lich
 64914 | Crypt:3  | Killed an ancient lich
 64916 | Crypt:3  | Found a staircase to the Tomb.
 65025 | Crypt:3  | Got a steaming lead ring
 65204 | Crypt:3  | Identified the Volume of Summoning
 65423 | Crypt:3  | Reached skill level 26 in Fighting
 65472 | Crypt:3  | Identified the ring "Guynuot" {rPois rF+ Slay+2} (You took
                  | it off a death knight on level 3 of the Crypt)
 65693 | Depths:1 | Entered Level 1 of the Depths
 66110 | Depths:1 | Found a gateway to Hell.
 66222 | Depths:1 | Found a portal to a secret trove of treasure.
 66347 | Depths:1 | Reached XP level 24. HP: 224/245 MP: 31/31
 67113 | Depths:2 | HP: 10/247 [tengu reaver/bolt of acid[a boggart] (42)]
 67113 | Depths:2 | Splashed by a tengu reaver's acid

Skill      XL: |  1  2  3  4  5  6  7  8  9 10 11 12 13 14 15 16 17 18 19 20 21 22 23 |
---------------+----------------------------------------------------------------------+-----
Shields        | 4 5 6 7 9 10 12 13 15 17 18 20 22 23 25 | 25.0
Axes           | 3 4 5 6 8 10 | 10.2
Armour         | 4 5 6 7 9 10 11 12 13 15 16 19 21 22 | 22.2
Fighting       | 4 5 6 7 9 10 11 13 15 16 17 18 19 20 21 23 24 26 | 26.4
Maces & Flails | 1 6 9 11 12 | 12.7
Invocations    | 1 4 8 10 11 12 13 | 13.0
Dodging        | 5 9 10 12 | 12.8

Action                   |  1- 3 |  4- 6 |  7- 9 | 10-12 | 13-15 | 16-18 | 19-21 | 22-24 || total
-------------------------+-------+-------+-------+-------+-------+-------+-------+-------++-------
Melee: War axe           |    76 |   171 |   279 |       |       |       |       |       ||   526
       Headbutt          |    11 |    36 |    57 |   229 |   533 |   607 |  1086 |   731 ||  3290
       Mace              |       |       |     8 |   870 |  1575 |  2006 |  2787 |  1642 ||  8888
Throw: Throwing net      |       |       |       |       |    13 |     3 |     9 |       ||    25
Invok: Divine Shield     |       |       |       |     1 |     6 |    16 |    25 |     3 ||    51
       Summon Divine War |       |       |       |       |     5 |    10 |    13 |    13 ||    41
       Cleansing Flame   |       |       |       |       |       |       |     7 |    33 ||    40
Evoke: Wand              |       |       |       |       |       |     6 |       |       ||     6
  Use: Scroll            |       |    13 |     2 |    13 |     5 |    16 |    11 |    13 ||    73
       Potion            |       |       |       |       |     1 |     6 |     5 |     7 ||    19
  Eat: Chunk             |     1 |     4 |     6 |    21 |    21 |    14 |    11 |     6 ||    84
       Ration            |       |     2 |     1 |     3 |     4 |    14 |    14 |     8 ||    46
Armor: Scale mail        |    33 |    29 |       |       |       |       |       |       ||    62
       Chain mail        |       |    34 |    75 |       |       |       |       |       ||   109
       Plate armour      |       |       |    65 |   265 |   275 |       |       |       ||   605
       Ice dragon scales |       |       |       |   104 |    12 |       |       |       ||   116
       Crystal plate arm |       |       |       |    89 |   448 |   586 |   686 |   567 ||  2376
Dodge: Dodged            |    29 |    35 |    49 |   179 |   218 |   121 |   373 |   374 ||  1378
Block: Shield            |    53 |    61 |   180 |   627 |   762 |       |       |       ||  1683
       Large shield      |       |       |       |       |   505 |  2329 |  3276 |  2209 ||  8319
       Reflection        |       |       |       |       |    39 |   330 |   204 |    78 ||   651
